 Dungeon Crawl Stone Soup version 0.31-a0-455-g1a7b003ef0 (webtiles) character file.

Game seed: 1891920901804638055

17496 LeprechaunX the Mimic (level 12, -8/71 HPs)
             Began as an Octopode Shapeshifter on Aug 3, 2023.
             Was an Elder of Hepliaklqana.
             Killed by divine providence
             ... invoked by a smoke demon
              (16 damage)
             ... in a volcano.
             The game lasted 00:36:23 (13871 turns).

LeprechaunX the Mimic (Octopode Shapeshifter)      Turns: 13871, Time: 00:36:24

Health: -8/71      AC:  5    Str: 19    XL:     12   Next: 48%
Magic:  12/12      EV: 14    Int: 10    God:    Hepliaklqana [****..]
Gold:   443        SH:  5    Dex: 13    Spells: 11/11 levels left

rFire   . .          .
                       - Unarmed
rCold   + . .        (no shield)
rNeg    + . .        (helmet currently unavailable)
rPois   .            k - amulet of reflection
rElec   .            o - ring of positive energy
rCorr   .            N - +4 ring of protection
SInv    .            r - ring of Axzic {rC+ Will+}
Will    +....        (no ring)
Stlth   ++           (no ring)
HPRegen 0.31/turn    (no ring)
MPRegen 0.13/turn    (no ring)
                     (no ring)

%: reflection
@: beast-form
A: beast (slay +7), reduced essence, almost no armour, amphibious, 8 rings,
camouflage 1, gelatinous body 1, (nimble swimmer 1), tentacles
a: Begin Untransformation, Renounce Religion, Recall Ancestor, Ancestor
Identity, Transference, Idealise


You were in a volcano.
You worshipped Hepliaklqana.
Hepliaklqana was greatly pleased with you.
You were a hulking beast.
You visited 3 branches of the dungeon, and saw 14 of its levels.
You also visited: Ossuary, Bailey and Volcano.

You collected 969 gold pieces.
You spent 526 gold pieces at shops.

Inventory:

Hand Weapons
 I - a +0 orcbow
Missiles
 q - 8 boomerangs (quivered)
Armour
 H - a +0 kite shield
 Q - a +2 hat of willpower
Jewellery
 k - an amulet of reflection (around mantle)
 o - a ring of positive energy (left tentacle)
 r - the ring of Axzic (on tentacle) {rC+ Will+}
   (You bought it in a shop on level 6 of the Dungeon)

   [ring of protection from cold]

   rC:        It protects you from cold.
   Will:      It increases your willpower.
 N - a +4 ring of protection (right tentacle)
 P - a ring of ice
Talismans
 b - a beast talisman (active)
 z - a storm talisman
Wands
 e - a wand of iceblast (2)
 g - a wand of charming (18)
 u - a wand of flame (12)
 v - a wand of polymorph (10)
 F - a wand of digging (6)
 G - a wand of quicksilver (1)
Scrolls
 c - a scroll of brand weapon
 h - a scroll of amnesia
 i - 3 scrolls of immolation
 j - 6 scrolls of enchant weapon
 l - 3 scrolls of fog
 m - 8 scrolls of teleportation
 n - 5 scrolls of vulnerability
 t - 4 scrolls of blinking
 y - a scroll of silence
 D - 2 scrolls of fear
 E - a scroll of noise
 M - 6 scrolls of enchant armour
 O - a scroll of poison
Potions
 a - 3 potions of lignification
 d - 2 potions of magic {unknown}
 f - 10 potions of heal wounds
 p - 2 potions of degeneration {unknown}
 s - a potion of enlightenment {unknown}
 w - 2 potions of berserk rage {unknown}
 x - 2 potions of ambrosia {unknown}
 A - 7 potions of curing
 B - 3 potions of invisibility {unknown}
 C - 5 potions of haste
 J - 3 potions of cancellation {unknown}
 K - 3 potions of brilliance {unknown}
 L - 3 potions of mutation {unknown}


   Skills:
 - Level 6.0 Fighting
 - Level 4.0 Dodging
 - Level 8.0 Unarmed Combat
 + Level 14.9 Shapeshifting


You had 11 spell levels left.
You didn't know any spells.
Your spell library contained the following spells:

 Spells                   Type           Power      Damage    Failure   Level
 Apportation              Tloc           0%         N/A       36%         1
 Shock                    Conj/Air       0%         1d3       36%         1
 Swiftness                Air            0%         N/A       75%         3
 Airstrike                Air            0%         2d(0-16)  98%         4
 Alistair's Intoxication  Tmut/Pois      0%         N/A       100%        5


Dungeon Overview and Level Annotations

Branches:
Dungeon (10/15)            Temple (1/1) D:5            Lair (4/5) D:9
    Orc (0/2) D:10        Ossuary (visited)          Bailey (visited)
Volcano (1/1)
  Swamp: Lair:2-3    Shoals: Lair:2-3     Snake: Lair:2-3    Spider: Lair:2-3
  Slime: Lair:4-5

Altars:
Ashenzari
Cheibriados
Dithmenos
Elyvilon
Fedhas
Gozag
Hepliaklqana
Kikubaaqudgha
Makhleb
Nemelex Xobeh
Qazlal
Ru
Sif Muna
Trog
Uskayaw
Vehumet
Wu Jian
Xom
Yredelemnul
Zin
The Shining One

Shops:
D:1 ?   D:3 =   D:4 [   D:6 =

Portals:
Abyss: D:8
Trove: D:10 (give +4 demon whip)

Annotations:
D:8 2 transporters, Zonian's ghost, novice BaSh
Lair:2 3 runed translucent doors, Vujin's ghost, journeyman MiFi


Innate Abilities, Weirdness & Mutations

You are a hulking beast.
Your limbs bulge with bestial killing power. (Slay +7)
Your life essence is reduced to manifest your ancestor. (-10% HP)
You cannot wear most types of armour.
You are amphibious.
You can wear up to eight rings at the same time.
Your skin changes colour to match your surroundings (Stealth+).
Your rubbery body absorbs attacks. (AC +1, EV +1)
((You are camouflaged when in or above water. (Stealth+)))
You have tentacles for arms and can constrict up to eight enemies at once.


Message History

Wilfreda drains the steam dragon.
The steam dragon breathes steam at you.
The ball of steam hits Wilfreda!
Wilfreda resists.
The ball of steam misses you.
You hear a roar! x2
You start resting.
A steam dragon is nearby!
You swap places.
Wilfreda points at the steam dragon and mumbles some strange words.
The steam dragon resists with significant effort.
The steam dragon closely misses you. The steam dragon claws you.
A smoke demon comes into view.
You bludgeon the steam dragon! You squeeze the steam dragon.
You kill the steam dragon!
The steam dragon scales are intact enough to wear.
You swap places.
A smoke demon comes into view.
A lindwurm comes into view.
The smoke demon gestures at you. The sticky flame hits you.
You are covered in liquid flames!
You are covered in liquid flames!
You are no longer on fire.
Wilfreda hits the smoke demon with a +0 dagger of draining!
Wilfreda gestures at the smoke demon while chanting.
The smoke demon resists with almost no effort.
Unknown command.
The smoke demon gestures at you. Something smites you!
Wilfreda gestures at the smoke demon while chanting.
The smoke demon resists with almost no effort.
The smoke demon gestures at you. Something smites you!
* * * LOW HITPOINT WARNING * * *
The smoke demon gestures at you. Something smites you!
* * * LOW HITPOINT WARNING * * *
The smoke demon gestures at you. Something smites you!
You die...

. .. ....### ..
#.....# §.#
#.....##### ### §..
#........###∩## §.3#
#.......##...##
....####......#..∩..#
#....##...####h..##
##....#.R3......##
####[.3......###
###########


You could see the friendly Wilfreda the hexer and 2 smoke demons.

Vanquished Creatures
  Gastronok (Lair:2)
  Fannar (Lair:2)
  A hydra (Lair:2)
  A boulder beetle (Lair:1)
  Erica (D:8)
  An orc knight (Bailey)
  3 cane toads
  A smoke demon (Volcano)
  Maggie (Lair:2)
  2 komodo dragons
  A kobold demonologist (D:10)
  A troll (D:9)
  A polar bear (D:9)
  A hornet (D:9)
  3 blink frogs (Lair:2)
  A shadow (D:9)
  6 yaks
  3 steam dragons
  4 water moccasins (Lair:4)
  Edmund (D:6)
  2 acid dragons
  3 black bears
  11 orc warriors
  An ice beast (D:9)
  A sky beast (D:7)
  An ogre (D:5)
  3 centaurs
  7 bullfrogs
  2 scorpions (D:5)
  4 wights
  A killer bee (D:8)
  A howler monkey (D:7)
  A centaur zombie (Ossuary)
  A jelly (D:6)
  2 gnoll boudas
  7 orc priests
  2 sleepcaps (D:7)
  Natasha (thrice) (D:2)
  5 iguanas
  7 orc wizards
  A centaur simulacrum (D:9)
  3 ogre zombies (Ossuary)
  6 mummies (Ossuary)
  Robin (D:2)
  11 gnolls
  6 adders
  A shadow imp (D:6)
  A white imp (D:7)
  2 howler monkey simulacra (D:9)
  5 adder zombies (Ossuary)
  4 worms
  3 dart slugs
  74 orcs
  7 ball pythons
  5 endoplasms
  2 giant cockroaches (D:1)
  15 goblins
  12 hobgoblins
  12 jackals
  5 quokkas
  12 bats
  2 frilled lizards
  A gnoll zombie (Ossuary)
  6 goblin zombies (Ossuary)
  A hobgoblin zombie (Ossuary)
  9 kobolds
  2 kobold zombies (Ossuary)
  8 quokka zombies
  5 rats
  3 rat zombies (Ossuary)
325 creatures vanquished.

Vanquished Creatures (collateral kills)
  A hydra (Lair:2)
  Sonja (Lair:1)
  A komodo dragon (Lair:2)
  3 trolls (D:10)
  A hornet (D:8)
  A steam dragon (Volcano)
  2 yaks (Lair:1)
  2 wargs (D:9)
  2 water moccasins (Lair:1)
  An ice beast (D:8)
  4 orc warriors
  A gnoll sergeant (D:8)
  An electric eel (D:9)
  A jelly (D:7)
  A hound (D:7)
  A gnoll bouda (D:9)
  An orc priest (D:9)
  A sleepcap (D:7)
  5 orc wizards
  An ogre zombie (Ossuary)
  A mummy (Ossuary)
  4 gnolls (D:9)
  17 orcs
  2 goblins (D:10)
  A rat zombie (Ossuary)
57 creatures vanquished.

Vanquished Creatures (others)
  4 hexers
  An ancestor (D:8)
5 creatures vanquished.

Grand Total: 387 creatures vanquished

Notes
Turn   | Place    | Note
-------+----------+-------------------------------------------
     0 | D:1      | LeprechaunX the Octopode Shapeshifter began the quest for
                  | the Orb.
     0 | D:1      | Reached XP level 1. HP: 13/13 MP: 1/1
   133 | D:1      | Reached XP level 2. HP: 11/18 MP: 2/2
   267 | D:1      | Found Vucir's Magic Scroll Shoppe.
   463 | D:1      | Found a faded altar of an unknown god.
   538 | D:1      | Reached XP level 3. HP: 22/23 MP: 3/3
  1126 | D:2      | Reached XP level 4. HP: 29/29 MP: 4/4
  1445 | D:2      | Noticed Natasha
  1451 | D:2      | Killed Natasha
  1455 | D:2      | Reached XP level 5. HP: 11/34 MP: 5/5
  1594 | D:2      | Noticed Robin
  1626 | D:2      | Killed Robin
  2133 | D:2      | Noticed Natasha
  2141 | D:2      | Killed Natasha
  2190 | D:2      | Noticed Natasha
  2195 | D:2      | Killed Natasha
  2215 | D:3      | Found Ugollo's One-of-a-Kind Rings.
  2316 | D:3      | Found a radiant altar of Vehumet.
  2383 | D:3      | Reached XP level 6. HP: 31/41 MP: 6/6
  2683 | D:3      | Found a broken altar of Ashenzari.
  3067 | D:4      | Found a stormy altar of Qazlal.
  3109 | D:4      | Reached skill level 5 in Unarmed Combat
  3160 | D:4      | Found Zudock's Antique Armour Emporium.
  4008 | D:5      | Entered Level 5 of the Dungeon
  4025 | D:5      | Reached skill level 4 in Shapeshifting
  4025 | D:5      | Reached XP level 7. HP: 40/46 MP: 7/7
  4285 | D:5      | Reached XP level 8. HP: 53/54 MP: 8/8
  4560 | D:5      | Found a staircase to the Ecumenical Temple.
  4793 | Temple   | Entered the Ecumenical Temple
  4808 | Temple   | Became a worshipper of Hepliaklqana the Forgotten
  5302 | D:6      | Noticed Edmund
  5315 | D:6      | Killed Edmund
  5316 | D:6      | Reached skill level 5 in Shapeshifting
  5570 | D:6      | Found Xomefob's Jewellery Shop.
  5934 | D:7      | HP: 4/81 [steam dragon] (10)]
  5936 | D:7      | Reached skill level 6 in Shapeshifting
  5944 | D:7      | Reached XP level 9. HP: 7/58 MP: 9/9
  6121 | D:7      | Found a snail-covered altar of Cheibriados.
  6139 | D:7      | Reached * piety under Hepliaklqana
  6146 | D:7      | Found a sand-covered staircase.
  6154 | Ossuary  | Entered an ossuary
  6745 | D:7      | Found a sparkling altar of Nemelex Xobeh.
  6770 | D:7      | Reached skill level 7 in Shapeshifting
  7507 | D:8      | Noticed a hornet
  7513 | D:8      | Killed a hornet
  7638 | D:8      | Found a one-way gate to the infinite horrors of the Abyss.
  7638 | D:8      | Noticed Zonian's ghost (novice BaSh)
  7642 | D:8      | Found a transporter.
  7658 | D:8      | Noticed Erica
  7740 | D:8      | Reached skill level 8 in Shapeshifting
  8024 | D:8      | Killed Erica
  8025 | D:8      | Reached skill level 9 in Shapeshifting
  8247 | D:8      | Reached ** piety under Hepliaklqana
  8248 | D:8      | Remembered your ancestor Wilfreda as a hexer
  8293 | D:8      | Reached XP level 10. HP: 56/56 MP: 10/10
  8734 | D:8      | Found a transporter.
  8792 | D:8      | Noticed a wizard
  9154 | D:8      | Reached skill level 10 in Shapeshifting
  9362 | D:9      | Found a staircase to the Lair.
  9682 | D:9      | Found an opulent altar of Gozag.
 10021 | D:9      | Reached skill level 11 in Shapeshifting
 10340 | D:9      | Reached *** piety under Hepliaklqana
 10661 | D:10     | Entered Level 10 of the Dungeon
 10703 | D:10     | Found an ancient bone altar of Kikubaaqudgha.
 10748 | D:10     | Noticed a kobold demonologist
 10755 | D:10     | Reached XP level 11. HP: 9/62 MP: 11/11
 10766 | D:10     | Reached skill level 12 in Shapeshifting
 10961 | D:10     | Found a portal to a secret trove of treasure.
 11178 | D:10     | Found a flagged portal.
 11184 | Bailey   | Entered a bailey
 11491 | Bailey   | Noticed an orc knight
 11510 | Bailey   | Killed an orc knight
 11659 | D:10     | Found a staircase to the Orcish Mines.
 11821 | D:10     | Noticed a five-headed hydra
 11873 | Lair:1   | Entered Level 1 of the Lair of Beasts
 12088 | Lair:1   | Noticed Sonja
 12091 | Lair:1   | Killed Sonja
 12092 | Lair:1   | Reached skill level 13 in Shapeshifting
 12120 | Lair:1   | Reached **** piety under Hepliaklqana
 12264 | Lair:1   | Noticed a boulder beetle
 12275 | Lair:1   | Reached skill level 5 in Fighting
 12359 | Lair:1   | Killed a boulder beetle
 12803 | Lair:2   | Noticed Maggie
 12812 | Lair:2   | Killed Maggie
 13042 | D:6      | Bought the ring of Axzic {rC+ Will+} for 526 gold pieces
 13161 | Lair:2   | Noticed a six-headed hydra
 13195 | Lair:2   | Noticed Fannar
 13207 | Lair:2   | Killed Fannar
 13213 | Lair:2   | Reached XP level 12. HP: 51/71 MP: 12/12
 13381 | Lair:2   | Killed a six-headed hydra
 13382 | Lair:2   | Reached skill level 14 in Shapeshifting
 13450 | Lair:2   | Found a runed translucent gate.
 13450 | Lair:2   | Found a runed translucent gate.
 13450 | Lair:2   | Found a runed translucent gate.
 13452 | Lair:2   | Noticed Vujin's ghost (journeyman MiFi)
 13484 | Lair:2   | Noticed Gastronok
 13500 | Lair:2   | Killed Gastronok
 13634 | Lair:2   | Noticed a five-headed hydra
 13639 | Lair:2   | Killed a five-headed hydra
 13728 | Lair:2   | You fall into a shaft and drop 2 floors!
 13815 | Lair:4   | Found a dark tunnel.
 13828 | Volcano  | Entered a volcano
 13871 | Volcano  | Killed from afar by a smoke demon

Illustrated notes

Levels and vault maps discovered:
D:1:      saegor_arrival_miasma, layout_basic, serial_shops, shop,
          hellmonk_ecumenical_altar_dog_temple
D:2:      layout_basic, uniq_robin, uniq_natasha
D:3:      layout_rooms, mainiacjoe_overflow_alcove_1,
          cheibrodos_ashenzari_chains, nicolae_shop_unique_rings,
          grunt_decor_mini_mirrors
D:4:      layout_basic, nicolae_qazlal_general_emergency, serial_shops, shop
D:5:      kennysheep_spiral_hall, layout_loops_ring,
          minmay_temple_entry_statues_pillars
D:6:      layout_loops_cross, serial_shops, shop, uniq_edmund
D:7:      layout_basic, general_overflow_altar, lemuel_crystal_altar,
          enter_ossuary_4, hellmonk_no_cap
D:8:      layout_cave_pods, gammafunk_ghost_abyssal_escape, grunt_tough_drop,
          uniq_erica
D:9:      layout_gridville, mainiacjoe_overflow_boulevard,
          erik_lair_orcish_takeover, serial_ice, serial_ice_l, serial_ice_a,
          serial_ice_c, serial_ice_n, serial_ice_o, serial_ice_e
D:10:     layout_loops_ring, kiku_gazebo_pond_becter, okawaru_metal_pillars_1_2,
          david_orc_2, enter_bailey_4, nicolae_trove_entry_crossroad
Temple:   eino_narrow_crystal_temple
Lair:1:   layout_gridlike, uniq_sonja
Lair:2:   cheibrodos_lair_overgrown_chateau, layout_chaotic_city,
          gammafunk_ghost_split, chequers_serial_rivers_room_a, roderic_batcave,
          lemuel_fruit_tree, infiniplex_staircase_pool_2, uniq_maggie,
          uniq_gastronok, uniq_fannar
Lair:4:   layout_hall_layers, nicolae_volcano_entry_hallway,
          minmay_lair_oklob_items, grunt_megastairs_5
Volcano:  hellmonk_smoking_crater

Skill      XL: |  1  2  3  4  5  6  7  8  9 10 11 12 |
---------------+-------------------------------------+-----
Unarmed Combat | 4 5 6 8 |  8.0
Fighting       | 2 3 4 6 |  6.0
Dodging        | 3 4 |  4.0
Shapeshifting  | 4 6 9 11 13 14 | 14.9

Action                     |  1- 3 |  4- 6 |  7- 9 | 10-12 || total
---------------------------+-------+-------+-------+-------++-------
  Melee: Unarmed           |    69 |   153 |   222 |   245 ||   689
         Constrict         |    19 |    49 |    61 |    52 ||   181
         Tentacles         |     6 |    39 |    61 |    67 ||   173
         Punch             |       |     3 |     9 |    15 ||    27
  Throw: Boomerang         |       |       |    18 |    95 ||   113
         Throwing net      |       |       |       |     3 ||     3
 Invoke: Recall Ancestor   |       |       |     1 |     4 ||     5
         Ancestor Life: He |       |       |     1 |       ||     1
         Idealise          |       |       |       |     1 ||     1
  Evoke: Wand              |       |       |    12 |    20 ||    32
    Use: Potion            |       |       |     1 |     1 ||     2
         Scroll            |       |       |     8 |     7 ||    15
   Stab: Sleeping          |     5 |     8 |    15 |     2 ||    30
         Confused          |       |       |       |     6 ||     6
         Distracted        |       |       |       |     4 ||     4
         Held in net/web   |       |       |       |     1 ||     1
 Armour: Skin              |     6 |     5 |    17 |    11 ||    39
  Dodge: Dodged            |    43 |    72 |    77 |   116 ||   308
  Block: Other             |       |    12 |    26 |    27 ||    65
         Reflection        |       |       |       |     3 ||     3

Table legend: (Time is in decaauts)
 A = Elapsed time spent in this place.
 B = Non-inter-level travel time spent in this place.
 C = Inter-level travel time spent in this place.
 D = Time resting spent in this place.
 E = Time spent auto-exploring this place.
 F = Levels seen in this place.
 G = Mean time per level.
                   A        B        C        D        E       F      G
               +--------+--------+--------+--------+--------+-----+--------+
         Total |  13818 |  12575 |   1243 |   2303 |   7711 |  17 |  812.8 |
       Dungeon |  11076 |  10000 |   1076 |   1822 |   6427 |  10 | 1107.6 |
        Temple |     30 |      1 |     29 |      0 |      0 |   1 |   30.0 |
          Lair |   1793 |   1656 |    137 |    247 |    992 |   3 |  597.7 |
       Ossuary |    454 |    454 |      0 |      0 |    292 |   1 |  454.0 |
        Bailey |    421 |    421 |      0 |    230 |      0 |   1 |  421.0 |
       Volcano |     41 |     41 |      0 |      4 |      0 |   1 |   41.0 |
               +--------+--------+--------+--------+--------+-----+--------+

Top non-repeatable levels by time:
     D:8: 1885 daAuts
     D:2: 1459 daAuts
     D:7: 1385 daAuts
     D:9: 1180 daAuts
     D:6: 1037 daAuts
  Lair:1: 995 daAuts
     D:4: 984 daAuts
     D:5: 831 daAuts
     D:3: 799 daAuts
    D:10: 768 daAuts
     D:1: 746 daAuts
  Lair:2: 701 daAuts
 Ossuary: 454 daAuts
  Bailey: 421 daAuts
  Lair:4: 96 daAuts
